 Dungeon Crawl Stone Soup version 0.29-a0-284-gf9362112df (webtiles) character file.

Game seed: 14086973036044449761

25 sammy202020 the Skirmisher (level 2, 24/24 HPs)
             Began as a Demonspawn Berserker on Mar 23, 2022.
             Was a Follower of Trog.
             Quit the game on level 2 of the Dungeon.
             The game lasted 00:01:27 (1314 turns).

sammy202020 the Skirmisher (Demonspawn Berserker)   Turns: 1314, Time: 00:01:27

Health: 24/24      AC:  7    Str: 17    XL:     2   Next: 86%
Magic:  2/2        EV: 10    Int:  8    God:    Trog [*.....]
Gold:   78         SH:  0    Dex: 12    Spells: 1/1 levels left

rFire   . . .      SeeInvis .   a - +0 hand axe
rCold   . . .      Faith    .   (no shield)
rNeg    . . .      Spirit   .   h - +0 scale mail
rPois   .          Reflect  .   d - +0 helmet
rElec   .          Harm     .   (no cloak)
rCorr   .          Rampage  .   (no gloves)
Will    .....                   (no boots)
Stlth   ..........              (no amulet)
HPRegen 0.08/turn               (no ring)
MPRegen 0.16/turn               (no ring)

@: no status effects
A: magic regeneration
a: Renounce Religion, Berserk


You were on level 2 of the Dungeon.
You worshipped Trog.
Trog was aware of your devotion.
You visited 1 branch of the dungeon, and saw 2 of its levels.

You collected 78 gold pieces.

Inventory:

Hand Weapons
 a - a +0 hand axe (weapon)
Armour
 d - a +0 helmet (worn)
 h - a +0 scale mail (worn)
Scrolls
 b - a scroll of enchant weapon {unknown}
 e - 3 scrolls of noise {unknown}
 g - a scroll of identify {unknown}
Potions
 c - a potion of might {unknown}
 f - a potion of attraction {unknown}


   Skills:
 * Level 3.3 Fighting
 * Level 3.1 Axes
 * Level 2.2 Armour
 + Level 2.0 Dodging


You had one spell level left.
You didn't know any spells.
Your spell library was empty.

Dungeon Overview and Level Annotations

Branches:
Dungeon (2/15)

Altars:


Innate Abilities, Weirdness & Mutations

You regenerate magic rapidly.


Message History

No target in view!
No target in view!
No target in view!
No target in view!
No target in view!
No target in view!
No target in view!
No target in view!
No target in view!
No target in view!
No target in view!
No target in view!
A goblin comes into view. It is wielding a +0 dagger.
A goblin is nearby!
A goblin is nearby!
The goblin shouts!
The goblin closely misses you.
You closely miss the goblin. The goblin hits you with a +0 dagger.
You closely miss the goblin. The goblin closely misses you.
You hit the goblin but do no damage. The goblin hits you with a +0 dagger.
You hit the goblin.
You kill the goblin!
Trog accepts your kill.
No target in view!
No target in view!
No target in view!
No target in view!
No target in view!
HP restored.
You now have 65 gold pieces (gained 11).
Things that are here:
a +0 dagger; a +0 robe
Found a ring mail.
No target in view!
You see here a +0 ring mail.
You now have 78 gold pieces (gained 13).
Found a stone staircase leading down.
There is a stone staircase leading down here.
Found a pair of boots.
Are you sure you want to abandon this character and quit the game? (Confirm with "yes".)

#..# #.......###
######..###.......#
..........#.......#
#########.#.#.#####
#.>......#.#
#.####.###.# #.#
#.# #.# #.# #.# #.#
#@# #.# #.# #.# #.#
#.# ... #.# #.#
#..#[ ... #..#.....
#..# .. #... ...
#.## ...


There were no monsters in sight!

Vanquished Creatures
  A worm (D:2)
  2 ball pythons (D:1)
  4 endoplasms
  5 goblins
  4 jackals (D:2)
  A kobold (D:2)
  A quokka (D:2)
18 creatures vanquished.

Notes
Turn   | Place    | Note
-------+----------+-------------------------------------------
     0 | D:1      | sammy202020 the Demonspawn Berserker began the quest for
                  | the Orb.
     0 | D:1      | Reached XP level 1. HP: 18/18 MP: 1/1
   494 | D:1      | Gained mutation: You regenerate magic rapidly. [demonic
                  | ancestry]
   494 | D:1      | Reached XP level 2. HP: 24/24 MP: 2/2
  1314 | D:2      | Quit the game

Illustrated notes

Levels and vault maps discovered:
D:1:      lordsloth_arrival_two_stooges, layout_loops_ring, grunt_decor_clamped,
          columned_hall_lemuel
D:2:      layout_basic, serial_shops, nicolae_shop_overgrown_old_shop,
          basic_ecumenical_altar, uniq_robin

Skill      XL: |  1  2 |
---------------+-------+-----
Armour         | 2 |  2.2
Axes           | 3 |  3.1
Dodging        | 2 |  2.0
Fighting       | |  3.3

Action                   || total
-------------------------++-------
Melee: Hand axe          ||    53
Invok: Berserk           ||     1
Armor: Animal skin       ||     1
       Scale mail        ||    30
Dodge: Dodged            ||    38

Table legend: (Time is in decaauts)
 A = Elapsed time spent in this place.
 B = Non-inter-level travel time spent in this place.
 C = Inter-level travel time spent in this place.
 D = Time resting spent in this place.
 E = Time spent auto-exploring this place.
 F = Levels seen in this place.
 G = Mean time per level.
                   A        B        C        D        E       F      G
               +--------+--------+--------+--------+--------+-----+--------+
         Total |   1335 |   1281 |     54 |      0 |   1071 |   2 |  667.5 |
       Dungeon |   1335 |   1281 |     54 |      0 |   1071 |   2 |  667.5 |
               +--------+--------+--------+--------+--------+-----+--------+

Top non-repeatable levels by time:
     D:1: 918 daAuts
     D:2: 417 daAuts
